 Dungeon Crawl Stone Soup version 0.31.0-9-g3a7656b989 (webtiles) character file.

Game seed: 602064450513720220

109 qw the Shooter (level 4, -3/22 HPs)
             Began as a Spriggan Hunter on Feb 2, 2024.
             Slain by Grinder (5 damage)
             ... while paralysed by Grinder
             ... on level 3 of the Dungeon.
             The game lasted 00:00:05 (1475 turns).

qw the Shooter (Spriggan Hunter)                    Turns: 1475, Time: 00:00:06

Health: -3/22      AC:  3    Str:  7    XL:     4   Next: 59%
Magic:  5/5        EV:  4    Int: 10    God:
Gold:   70         SH:  0    Dex: 20    Spells: 3/3 levels left

rFire   . . .        a - +0 shortbow
rCold   . . .        (shield currently unavailable)
rNeg    . . .        c - +0 robe
rPois   .            (helmet restricted)
rElec   .            g - +0 cloak
rCorr   .            (gloves unavailable)
SInv    +            (boots unavailable)
Will    .....        f - amulet of faith
Stlth   ++           (no ring)
HPRegen 0.23/turn    (no ring)
MPRegen 0.09/turn

%: faith
@: paralysed, very quick
A: very small, no large weapons, unfitting armour, see invisible, speed 3
a: no special abilities


You were on level 3 of the Dungeon.
You visited 1 branch of the dungeon, and saw 3 of its levels.

You collected 70 gold pieces.


Innate Abilities, Weirdness & Mutations

You are very small and have problems with some larger weapons.
You are too small for most types of armour.
You have supernaturally acute eyesight. (SInv)
You cover ground extremely quickly. (Speed+++)


   Skills:
 - Level 1.5 Fighting
 - Level 5.2 Ranged Weapons
 + Level 4.7 Dodging
 - Level 1.5 Stealth


You had 3 spell levels left.
You didn't know any spells.
Your spell library was empty.

Inventory:

Hand Weapons
 a - a +0 shortbow (weapon)
Armour
 c - a +0 robe (worn)
 g - a +0 cloak (worn)
Jewellery
 f - an amulet of faith (around neck)
Scrolls
 h - a scroll of identify
Potions
 b - 2 potions of curing
 d - a potion of mutation {unknown}
 e - a potion of brilliance {unknown}
 i - a potion of haste {unknown}

Dungeon Overview and Level Annotations

Branches:
Dungeon (3/15)

Altars:
Fedhas

Shops:
D:2 [

Annotations:
D:3 Grinder, Robin


Message History

You hear a shout!
A goblin comes into view. It is wielding a +0 dagger.
You shoot an arrow. The arrow barely misses the goblin.
The arrow hits the goblin but does no damage.
A goblin comes into view. It is wielding a +0 dagger.
A hobgoblin comes into view.
You shoot an arrow. The arrow hits the hobgoblin.
The hobgoblin is heavily wounded.
Robin of the Strong Arm comes into view.
They are wielding a +0 spear.
You shoot an arrow. The arrow barely misses the hobgoblin.
Robin shouts!
Grinder says, "I used to sell toenails on the black market."
Robin roars a battlecry!
The goblins go into a battle-frenzy!
You shoot an arrow. The arrow hits the hobgoblin!
You kill the hobgoblin!
Grinder gestures at you. You resist with some effort.
A goblin comes into view. It is wielding a +0 club.
Robin throws the goblin at you!
You shoot an arrow. The arrow hits the goblin!
You kill the goblin!
Robin throws the goblin at you!
A hobgoblin comes into view.
You shoot an arrow. The arrow closely misses the goblin.
The goblin hits you with a +0 club. The goblin barely misses you.
The goblin closely misses you.
You shoot an arrow. The arrow hits Grinder.
Grinder is lightly wounded.
Grinder closely misses you. The goblin completely misses you.
An endoplasm comes into view.
The goblin hits you but does no damage. The goblin misses you.
Grinder gestures at you.
You suddenly lose the ability to move!
The goblin barely misses you. The hobgoblin hits you.
The goblin hits you with a +0 dagger.
Robin says, "A pitiful Spriggan like you will never find the ORB!"
The goblin hits you with a +0 dagger. Grinder hits you.
You writhe in agony.
You die...
Grinder says, "Hey, I wasn't done torturing you yet!"

......######
).........# .
.....$.......# !.
Jgg.........#
#..###g.....$....#
.(.............#
#####.ggg........#
#......@g........#
...#.#5.g####...#
.#.........<..+
.....~~~....#...#
...~~~~~~~......#
..~~~~~~~~~........
(~~~~~~~~~~~.##.##.#
.~~~~P>P~~~~....<. #
~~~~...P.~~~~..#.#.


You could see Grinder, Robin, an endoplasm (wandering), 2 hobgoblins and 5
goblins.

Vanquished Creatures
  Jessica (D:2)
  2 adders (D:2)
  3 dart slugs (D:1)
  3 ball pythons
  2 bats (D:2)
  5 endoplasms
  2 giant cockroaches (D:1)
  7 goblins
  5 hobgoblins
  9 jackals
  2 quokkas (D:1)
  4 frilled lizards
  5 kobolds
  3 rats
53 creatures vanquished.

Notes
Turn   | Place    | Note
-------+----------+-------------------------------------------
     0 | D:1      | qw the Spriggan Hunter began the quest for the Orb.
     0 | D:1      | Reached XP level 1. HP: 10/10 MP: 2/2
     0 | D:1      | 0 ||| qw: Version: 0.3-a-155-g5e7d8dd
     0 | D:1      | 0 ||| qw: Game counter: 2430
     0 | D:1      | 0 ||| qw: Melee chars always use a shield: true
     0 | D:1      | 0 ||| qw: God list: Okawaru
     0 | D:1      | 0 ||| qw: Allow faded altars: false
     0 | D:1      | 0 ||| qw: Do Orc after clearing Dungeon:15 true
     0 | D:1      | 0 ||| qw: Do second Lair branch before Depths: true
     0 | D:1      | 0 ||| qw: Lair rune preference: random
     0 | D:1      | 0 ||| qw: Goals: Normal
     0 | D:1      | 0 ||| PLANNING D:1-11
    61 | D:1      | Reached skill level 3 in Dodging
    93 | D:1      | Reached XP level 2. HP: 9/14 MP: 3/3
   337 | D:1      | Reached XP level 3. HP: 18/18 MP: 4/4
   579 | D:1      | 579 ||| UPGRADING to +0 cloak.
   584 | D:1      | 584 ||| READING 2 scrolls labelled FOCRIA KILOUF.
   585 | D:1      | 585 ||| READING scroll labelled CEIGIZ HEILO.
   585 | D:1      | 585 ||| IDENTIFYING silvery potion
   586 | D:1      | 586 ||| READING scroll labelled RABOD XOARE.
   687 | D:1      | 687 ||| READING scroll labelled SODAECZEN HAMA.
   721 | D:1      | 721 ||| DROPPING scroll of butterflies.
   722 | D:1      | 722 ||| DROPPING potion of magic.
   723 | D:1      | 723 ||| DROPPING scroll of revelation.
   750 | D:2      | 750 ||| STAIRDANCE
   853 | D:2      | Found a faded altar of an unknown god.
   978 | D:2      | Found Cyjirean's Armour Shoppe.
  1006 | D:2      | Noticed Jessica
  1009 | D:2      | Killed Jessica
  1010 | D:2      | Reached skill level 5 in Ranged Weapons
  1010 | D:2      | Reached XP level 4. HP: 22/22 MP: 5/5
  1412 | D:2      | 1412 ||| UPGRADING to amulet of faith.
  1417 | D:2      | 1417 ||| DRINKING 3 grey potions.
  1457 | D:3      | Found a blossoming altar of Fedhas.
  1463 | D:3      | Noticed Grinder
  1469 | D:3      | Noticed Robin
  1474 | D:3      | Paralysed by Grinder for 2 turns
  1475 | D:3      | HP: 5/22 [goblin/+0 dagger[Robin] (2)]
  1475 | D:3      | HP: 2/22 [Grinder (3)]
  1475 | D:3      | Slain by Grinder

Levels and vault maps discovered:
D:1:      saegor_arrival_simple_e, layout_loops_ring
D:2:      layout_basic, ebering_ecumenical_altar_ruins, serial_shops,
          nicolae_shop_stone, uniq_jessica
D:3:      layout_basic, fedhas_ov_isle_minmay, minmay_tree_intersection,
          uniq_robin, uniq_grinder

Skill      XL: |  1  2  3 |
---------------+----------+-----
Dodging        | 3 4 |  4.7
Ranged Weapons | 5 |  5.2
Fighting       | |  1.5
Stealth        | |  1.5

Action                     |  1- 3 |  4- 6 || total
---------------------------+-------+-------++-------
   Fire: Shortbow          |   101 |    51 ||   152
    Use: Scroll            |     4 |       ||     4
         Potion            |       |     1 ||     1
 Armour: Robe              |    11 |    18 ||    29
  Dodge: Dodged            |    34 |    26 ||    60

Table legend:
 A = Non-vault XP
 B = Vault XP
 C = Vault XP percentage of total XP
 D = Non-vault monster count
 E = Vault monster count
 F = Vault count percentage of total count
                 A         B        C        D         E       F
            +---------+---------+-------+---------+---------+-------
      Total |     114 |      42 |  26.9 |      49 |       4 |   7.5
            +---------+---------+-------+---------+---------+-------
        D:1 |      63 |       0 |   0.0 |      32 |       0 |   0.0
        D:2 |      51 |      37 |  42.0 |      17 |       1 |   5.6
        D:3 |       0 |       5 | 100.0 |       0 |       3 | 100.0
            +---------+---------+-------+---------+---------+-------
